 Dungeon Sprint DCSS version 0.31-a0-844-gdc52ec4e09 (webtiles) character file.

Game seed: 5948362806232530771

2781 sircluck the Grappler (level 9, -2/157 HPs)
             Began as a Troll Berserker on Sept 29, 2023.
             Was an Elder of Trog.
             Slain by a fire crab (5 damage)
             ... in the Dungeon (Sprint VII: "The Pits").
             The game lasted 00:01:40 (295 turns).

sircluck the Grappler (Troll Berserker)              Turns: 295, Time: 00:01:40

Health: -2/157     AC:  4    Str: 31    XL:     9   Next: 43%
Magic:  8/8        EV: 12    Int:  3    God:    Trog [****..]
Gold:   0          SH:  0    Dex:  9    Spells: 8/8 levels left

rFire   . .          .
                       - Unarmed
rCold   . . .        (no shield)
rNeg    . . .        a - +0 animal skin
rPois   .            (helmet restricted)
rElec   .            (no cloak)
rCorr   .            (gloves unavailable)
SInv    .            (boots unavailable)
Will    .....        (no amulet) Stlth
                     (no ring)
HPRegen 1.26/turn    (no ring)
MPRegen 0.11/turn

%: no teleportation
@: berserking, very quick
A: large, unfitting armour, claws 3, regeneration 1, shaggy fur 1, tough skin 1
a: Renounce Religion, Berserk, Trog's Hand, Brothers in Arms


You were in the Dungeon.
You worshipped Trog.
Trog was greatly pleased with you.
You visited 1 branch

Inventory:

Armour
 a - a +0 animal skin (worn)
Scrolls
 g - a scroll of blinking
Potions
 b - a potion of curing
 c - a potion of heal wounds
 d - a potion of haste
 e - 2 potions of magic
 f - a potion of berserk rage


   Skills:
 + Level 11.2 Fighting
 + Level 11.0 Dodging
 + Level 13.0 Unarmed Combat


You had 8 spell levels left.
You didn't know any spells.
Your spell library was empty.

Dungeon Overview and Level Annotations

Branches:
Dungeon (1/1)

Altars:


Innate Abilities, Weirdness & Mutations

You are too large for most types of armour.
You have claws for hands.
Your natural rate of healing is unusually fast.
You are covered in fur. (AC +1)
You have tough skin. (AC +1)


Message History

You feel yourself moving faster!
You feel mighty!
You feel a strong urge to attack something.
The steam dragon breathes steam at you.
The ball of steam hits the fire crab.
The fire crab resists.
The ball of steam misses you. The fire crab closely misses you.
The fire crab claws you.
You are engulfed in flames!
You completely miss the fire crab.
The fire crab is lightly wounded.
You are engulfed in a cloud of scalding steam.
The fire crab bites you.
You are engulfed in flames!
The fire crab claws you!
You are engulfed in flames!
You scratch the fire crab but do no damage.
The fire crab is lightly wounded.
You are engulfed in a cloud of scalding steam.
* * * LOW HITPOINT WARNING * * *
You mangle the fire crab!!
The fire crab is heavily wounded.
You are engulfed in a cloud of scalding steam.
The fire crab closely misses you. The fire crab claws you!
* * * LOW HITPOINT WARNING * * *
You are engulfed in flames!
* * * LOW HITPOINT WARNING * * *
You mangle the fire crab!!
The fire crab is almost dead.
You are engulfed in a cloud of scalding steam.
* * * LOW HITPOINT WARNING * * *
You scratch the fire crab.
The fire crab is almost dead.
You are engulfed in a cloud of scalding steam.
* * * LOW HITPOINT WARNING * * *
You barely miss the fire crab.
The fire crab is almost dead.
You are engulfed in a cloud of scalding steam.
* * * LOW HITPOINT WARNING * * *
The fire crab bites you!
* * * LOW HITPOINT WARNING * * *
You are engulfed in flames!
* * * LOW HITPOINT WARNING * * *
The fire crab claws you.
You die...

########################
..............§§§D§§....
..............§§@t.§....
############++##########


You could see a fire crab and a steam dragon.

Vanquished Creatures
  A sea snake (D)
  A necromancer (D)
  An eye of devastation (D)
  An unseen horror (D)
  An orange demon (D)
  A basilisk (D)
  Duvessa (D)
  A bullfrog (D)
  Dowan (D)
  An adder zombie (D)
  A bat zombie (D)
  An endoplasm (D)
  A ball python skeleton (D)
  A bat simulacrum (D)
14 creatures vanquished.

Vanquished Creatures (collateral kills)
  A death knight (D)
  A wandering mushroom (D)
2 creatures vanquished.

Grand Total: 16 creatures vanquished

Notes
Turn   | Place    | Note
-------+----------+-------------------------------------------
     0 | D        | sircluck the Troll Berserker began the quest for the Orb.
     0 | D        | Reached XP level 1. HP: 22/22 MP: 0/0
    11 | D        | Noticed Duvessa
    11 | D        | Noticed Dowan
    11 | D        | Noticed a necromancer
    20 | D        | Killed Duvessa
    20 | D        | Reached ** piety under Trog
    21 | D        | Reached skill level 5 in Fighting
    21 | D        | Reached skill level 5 in Unarmed Combat
    21 | D        | Reached XP level 2. HP: 35/35 MP: 1/1
    21 | D        | Reached XP level 3. HP: 42/42 MP: 2/2
    21 | D        | Reached XP level 4. HP: 50/50 MP: 3/3
    23 | D        | Killed a necromancer
    24 | D        | Reached skill level 8 in Unarmed Combat
    24 | D        | Reached XP level 5. HP: 49/62 MP: 4/4
    24 | D        | Reached XP level 6. HP: 56/71 MP: 5/5
    25 | D        | Killed Dowan
    25 | D        | Reached *** piety under Trog
    66 | D        | Noticed a sea snake
    75 | D        | Killed a sea snake
    76 | D        | Reached skill level 10 in Unarmed Combat
    76 | D        | Reached XP level 7. HP: 81/81 MP: 6/6
    80 | D        | Reached **** piety under Trog
   139 | D        | Noticed an orange demon
   152 | D        | Killed an orange demon
   153 | D        | Reached skill level 11 in Unarmed Combat
   153 | D        | Reached XP level 8. HP: 87/92 MP: 7/7
   205 | D        | Noticed an eye of devastation
   209 | D        | Killed an unseen horror
   213 | D        | Reached skill level 10 in Fighting
   218 | D        | Killed an eye of devastation
   218 | D        | Reached ***** piety under Trog
   219 | D        | Reached skill level 10 in Dodging
   219 | D        | Reached skill level 12 in Unarmed Combat
   219 | D        | Reached XP level 9. HP: 96/102 MP: 8/8
   256 | D        | Noticed a death knight
   257 | D        | Noticed a wandering mushroom
   265 | D        | Killed a death knight
   267 | D        | Killed a wandering mushroom
   268 | D        | Reached skill level 13 in Unarmed Combat
   285 | D        | Noticed a fire crab
   295 | D        | HP: 3/157 [fire crab (11)]
   295 | D        | Slain by a fire crab

Illustrated notes

Levels and vault maps discovered:
D:        pitsprint [storerooms_1, entrance_room_1, metal_vault_6, armoury_3,
          mini_pit_1, grid_room_1, main_hall_1, silver_pit, the_coven_3,
          the_vestibule_1, steel_vault_4, golden_pit, hallway_of_sentries,
          crystal_vault_4, iron_vault_4, final_vault]

Skill      XL: |  1  2  3  4  5  6  7  8  9 |
---------------+----------------------------+-----
Fighting       | 5 7 8 9 10 11 | 11.2
Dodging        | 4 7 8 9 10 11 | 11.0
Unarmed Combat | 5 8 10 11 12 13 | 13.0

Action                     |  1- 3 |  4- 6 |  7- 9 || total
---------------------------+-------+-------+-------++-------
  Melee: Unarmed           |     8 |    16 |    21 ||    45
         Punch             |       |       |     3 ||     3
 Invoke: Berserk           |     1 |     1 |     2 ||     4
         Brothers in Arms  |       |       |     1 ||     1
 Armour: Animal skin       |     6 |     9 |    20 ||    35
  Dodge: Dodged            |     6 |     6 |     7 ||    19

Table legend: (Time is in decaauts)
 A = Elapsed time spent in this place.
 B = Non-inter-level travel time spent in this place.
 C = Inter-level travel time spent in this place.
 D = Time resting spent in this place.
 E = Time spent auto-exploring this place.
 F = Levels seen in this place.
 G = Mean time per level.
                   A        B        C        D        E       F      G
               +--------+--------+--------+--------+--------+-----+--------+
         Total |    307 |    307 |      0 |    152 |     11 |   1 |  307.0 |
       Dungeon |    307 |    307 |      0 |    152 |     11 |   1 |  307.0 |
               +--------+--------+--------+--------+--------+-----+--------+

Top non-repeatable levels by time:
       D: 307 daAuts
